 Dungeon Crawl Stone Soup version 0.23.2-1-ga50397a (webtiles) character file.

Game seed: 14801657878566624572

98057 sankara the Severer (level 16, -5/134 HPs)
             Began as a Hill Orc Fighter on May 30, 2019.
             Was a High Priest of Okawaru.
             Killed from afar by a wizard (36 damage)
             ... with a bolt of lightning
             ... on level 15 of the Dungeon on May 31, 2019.
             The game lasted 03:10:34 (28874 turns).

sankara the Severer (Hill Orc Fighter)             Turns: 28874, Time: 03:10:35

Health: -5/134     AC: 29    Str: 23      XL:     16   Next: 21%
Magic:  16/22      EV: 10    Int: 21 (22) God:    Okawaru [*****.]
Gold:   731        SH: 15    Dex: 10      Spells: 2/21 levels left

rFire    + . .     SeeInvis .   a - +4 broad axe of Darkness {flame, MR- Int+8}
rCold    . . .     Gourm    .   n - +2 shield {rPois}
rNeg     . . .     Faith    .   T - +2 chain mail {rF+}
rPois    +         Spirit   .   u - +2 helmet {Int+3}
rElec    .         Reflect  .   G - scarf {cloud immunity}
rCorr    .         Harm     .   D - +2 pair of gloves
MR       .....     Rnd*Rage +   (no boots)
Stlth    ..........             g - amulet of the acrobat
HPRegen  1.32/turn              I - ring of wizardry {Wiz+, !d}
MPRegen  0.18/turn              F - ring of Robustness {AC+8}

@: sluggish, shrouded, regenerating (expiring), very slow
A: [berserk 2], [blurry vision 3], [deterioration 2]
a: Heroism, Finesse, Renounce Religion


You were on level 15 of the Dungeon.
You worshipped Okawaru.
Okawaru was extremely pleased with you.
You were very hungry.

You visited 4 branches of the dungeon, and saw 24 of its levels.
You visited the Abyss 1 time.
You also visited: Gauntlet and Ice Cave.

You collected 2320 gold pieces.
You spent 1589 gold pieces at shops.

Inventory:

Hand Weapons
 a - the +4 broad axe of Darkness (weapon) {flame, MR- Int+8}
   (Okawaru gifted it to you on level 11 of the Dungeon)

   It has been specially enchanted to burn those struck by it, causing extra
   injury to most foes and up to half again as much damage against particularly
   susceptible opponents.
   Big, fiery blades are also staple armaments of hydra-hunters.
   It affects your intelligence (+8).
   It affects your resistance to hostile enchantments.
 b - the +8 fustibalus "Buexziuvvu" {flame, rN+}
   (You found it in an ice cave)

   It causes projectiles fired from it to burn those they strike, causing extra
   injury to most foes and up to half again as much damage against particularly
   susceptible opponents.
   It protects you from negative energy.
 c - a +2 war axe of freezing
   (You took it off an orc on level 9 of the Dungeon)
Missiles
 j - 693 stones
 r - 179 sling bullets
 z - 15 javelins (quivered)
 S - 3 throwing nets {=f, !d}
Armour
 n - a +2 shield of poison resistance (worn)
   (Okawaru gifted it to you on level 3 of the Lair of Beasts)
 u - a +2 helmet of intelligence (worn)
   (Okawaru gifted it to you on level 1 of the Lair of Beasts)
 D - a +2 pair of gloves (worn)
   (You bought it in a shop on level 1 of the Orcish Mines)
 G - a scarf of cloud immunity (worn)
   (You found it on level 5 of the Dungeon)
 J - the +3 ring mail of Polish {+Inv rPois Regen+}
   (You found it on level 11 of the Dungeon)

   It protects you from poison.
   It lets you turn invisible.
   It increases your rate of regeneration.
 T - a +2 chain mail of fire resistance (worn)
   (You took it off an orc warlord on level 1 of the Orcish Mines)
Jewellery
 g - an amulet of the acrobat (around neck)
   (You found it on level 2 of the Dungeon)
 o - an uncursed ring of fire {rF+, rC-}
   (You found it on level 2 of the Lair of Beasts)
 C - an uncursed amulet of rage {+Rage, !d}
   (You found it on level 14 of the Dungeon)
 F - the ring of Robustness (right hand) {AC+8}
   (You found it on level 10 of the Dungeon)

   [ring of protection]

   It affects your AC (+8).
 H - an uncursed ring of protection from cold {rC+, !d}
   (You bought it in a shop on level 2 of the Orcish Mines)
 I - a ring of wizardry (left hand) {Wiz+, !d}
   (You found it on level 2 of the Lair of Beasts)
 X - an uncursed ring of resist corrosion
   (You found it on level 9 of the Dungeon)
Wands
 l - a wand of polymorph (3)
   (You found it on level 2 of the Dungeon)
 y - a wand of disintegration (12)
   (You found it on level 14 of the Dungeon)
 B - a wand of paralysis (25)
   (You took it off an orc priest on level 5 of the Dungeon)
 V - a wand of flame (35)
   (You took it off a big kobold on level 8 of the Dungeon)
 W - a wand of iceblast (19)
   (You found it on level 10 of the Dungeon)
 Y - a wand of digging (4)
   (You found it on level 11 of the Dungeon)
Scrolls
 i - a scroll of identify
 p - 14 scrolls of teleportation
 q - 11 scrolls of remove curse
 t - 2 scrolls of summoning
 w - 2 scrolls of enchant armour
 x - 2 scrolls of magic mapping {!r}
 K - 4 scrolls of fear
 M - 7 scrolls of fog
 O - 2 scrolls of holy word {!r}
Potions
 d - 3 potions of might
 e - 5 potions of brilliance
 k - 8 potions of curing
 m - a potion of agility
 s - 7 potions of flight
 v - 4 potions of haste
 A - 2 potions of magic
 L - 3 potions of cancellation
 N - 6 potions of heal wounds
 P - a potion of berserk rage {!q}
 Q - a potion of invisibility
Miscellaneous
 E - a lamp of fire
   (You found it on level 11 of the Dungeon)
 Z - a phantom mirror
Comestibles
 f - 44 rations
 h - a chunk of flesh {@w0}


   Skills:
 - Level 10.0 Fighting
 - Level 18.0 Axes
 + Level 3.2 Slings
 + Level 12.0 Armour
 - Level 5.0 Dodging
 + Level 12.2 Shields
 - Level 3.0 Spellcasting
 - Level 7.0 Charms
 - Level 10.0 Summonings
 - Level 4.0 Translocations
 + Level 2.7 Air Magic
 - Level 9.0 Invocations
 - Level 5.0 Evocations


You had 2 spell levels left.
You knew the following spells:

 Your Spells              Type           Power        Failure   Level  Hunger
a - Summon Butterflies    Summ           #####...     1%          1    None
b - Call Imp              Summ           #####...     1%          2    ##.....
c - Call Canine Familiar  Summ           #####...     1%          3    ###....
d - Shroud of Golubria    Chrm/Tloc      ####......   6%          2    ##.....
e - Swiftness             Chrm/Air       ###.....     9%          2    ##.....
f - Summon Lightning Spi  Summ/Air       ####....     26%         4    ####...
g - Song of Slaying       Chrm           ####....     3%          2    ##.....
h - Regeneration          Chrm/Necr      ###.......   26%         3    ###....

Your spell library contained the following spells:

 Spells                   Type           Power        Failure   Level  Hunger
 Summon Small Mammal      Summ           ####         1%          1    None
 Infusion                 Chrm           ####         2%          1    None
 Shock                    Conj/Air       #...         22%         1    None
 Animate Skeleton         Necr           N/A          34%         1    None
 Beastly Appendage        Tmut           #.....       34%         1    None
 Corona                   Hex            #......      34%         1    None
 Pain                     Necr           #...         34%         1    None
 Ensorcelled Hibernation  Hex/Ice        #.....       47%         2    ##.....
 Slow                     Hex            #.......     47%         2    ##.....
 Sticks to Snakes         Tmut           #.......     47%         2    ##.....
 Summon Guardian Golem    Hex/Summ       ###.....     16%         3    ###....
 Spectral Weapon          Hex/Chrm       ###.....     26%         3    ###....
 Portal Projectile        Hex/Tloc       ##....       43%         3    ###....
 Summon Ice Beast         Ice/Summ       ###.....     43%         4    ####...
 Summon Forest            Summ/Tloc      ####......   50%         5    ######.
 Static Discharge         Conj/Air       #.......     52%         3    ###....
 Confuse                  Hex            #.......     71%         3    ###....
 Dazzling Spray           Conj/Hex       #.....       71%         3    ###....
 Inner Flame              Hex/Fire       #.......     71%         3    ###....
 Spider Form              Tmut/Pois      #.........   71%         3    ###....
 Tukima's Dance           Hex            #.......     71%         3    ###....
 Vampiric Draining        Necr           #.........   71%         3    ###....
 Airstrike                Air            ##........   75%         4    ####...
 Animate Dead             Necr           N/A          97%         4    ####...
 Cause Fear               Hex            #.........   97%         4    ####...
 Ice Form                 Ice/Tmut       #.......     97%         4    ####...
 Leda's Liquefaction      Hex/Erth       #.........   97%         4    ####...
 Lightning Bolt           Conj/Air       #.........   99%         5    ######.
 Monstrous Menagerie      Summ           #####.....   99%         7    #######
 Summon Greater Demon     Summ           #####.....   99%         7    #######
 Blade Hands              Tmut           #.........   100%        5    ######.
 Bolt of Magma            Conj/Fire/Erth #.........   100%        5    ######.
 Iron Shot                Conj/Erth      #.........   100%        6    #######
 Poison Arrow             Conj/Pois      #.........   100%        6    #######
 Malign Gateway           Summ/Tloc      ####......   100%        7    #######
 Chain Lightning          Conj/Air       #.........   100%        8    #######
 Lehudib's Crystal Spear  Conj/Erth      #.........   100%        8    #######
 Summon Horrible Things   Summ           #####.....   100%        8    #######
 Fire Storm               Conj/Fire      #.........   100%        9    #######
 Glaciate                 Conj/Ice       #.........   100%        9    #######


Dungeon Overview and Level Annotations

Branches:
Dungeon (15/15)            Temple (1/1) D:7            Lair (6/6) D:11
  Swamp (0/4) Lair:4        Snake (0/4) Lair:4        Slime (0/5) Lair:5
    Orc (2/2) D:10            Elf (0/3) Orc:2        Vaults (0/5) D:14
 Depths: D:15

Altars:
Ashenzari
Cheibriados
Dithmenos
Elyvilon
Fedhas
Gozag
Hepliaklqana
Kikubaaqudgha
Makhleb
Nemelex Xobeh
Okawaru
Qazlal
Ru
Sif Muna
Trog
Uskayaw
Vehumet
Wu Jian
Xom
Yredelemnul
Zin
The Shining One
Jiyva

Shops:
D:14 (   Orc:1 [*?*   Orc:2 [?*%

Annotations:
D:3 1 runed translucent door
D:5 2 runed translucent doors, Borgoz's ghost, amateur GrMo


Innate Abilities, Weirdness & Mutations

[You often lose your temper in combat.]
[Scrolls take you much longer to read.]
[Your body often deteriorates upon taking damage.]


Message History

The Executioner misses you.
The wretched star glows turbulently.
The orb of energy hits you!
The orb of energy explodes!
The Executioner completely misses you. The Executioner misses you.
You block the Executioner's attack.
Press: ? - help, v - describe, . - travel
Here: an Executioner (fast)
The floor.
Casting: Shroud of Golubria (safe; 6% risk of failure)
Confirm with . or Enter, or press ? or * to list all spells.
You feel quick. The Executioner gestures at you.
You barely resist. You block the Executioner's attack.
The Executioner hits you but does no damage.
You block the Executioner's attack.
The Executioner hits you but does no damage.
The Executioner hits you. The Executioner barely misses you.
The Executioner completely misses you. x2; The Executioner closely misses you.
A starcursed mass splits.
A chorus of shrieks assaults your mind. The Executioner gestures at you.
Pain shoots through your body!
A starcursed mass comes into view.
The Executioner gestures at you.
You barely resist.
A starcursed mass splits.
You block the Executioner's attack. The Executioner misses you.
The Executioner hits you but does no damage.
A starcursed mass splits. x2
You block the Executioner's attack.
The Executioner hits you but does no damage. x2
A deafening chorus of shrieks assaults your mind!
You suddenly lose the ability to move!
A starcursed mass splits.
The Executioner gestures at you. Pain shoots through your body!
A starcursed mass splits.
The Executioner hits you but does no damage. x3
The Executioner hits you.
The Executioner hits you but does no damage. x2
A starcursed mass splits. x2
The Executioner hits you but does no damage. x3
The wretched star pulses with an eldritch light!
Your vision blurs.
You can move again.
A starcursed mass splits.
The Executioner gestures at you.
You barely resist.
A starcursed mass splits. x3
The Executioner hits you but does no damage. x3
Your shroud bends the Executioner's attack away.
The Executioner hits you but does no damage. x2
The Executioner gestures at you. Pain shoots through your body!
A starcursed mass splits.
The Executioner closely misses you.
The Executioner hits you but does no damage.
You block the Executioner's attack.
A starcursed mass splits. x2
The Executioner gestures at you. Pain shoots through your body!
The wretched star pulses with an eldritch light!
You feel yourself wasting away.
You feel your body start to fall apart. The Executioner completely misses you.
The Executioner misses you. The Executioner closely misses you.
You block the Executioner's attack. The Executioner misses you.
You block the Executioner's attack. The Executioner gestures at you.
Pain shoots through your body!
* * * LOW HITPOINT WARNING * * *
The Executioner gestures at you. Pain shoots through your body!
* * * LOW HITPOINT WARNING * * *
The Executioner completely misses you.
The Executioner hits you but does no damage.
You block the Executioner's attack.
You are suddenly pulled into a different region of the Abyss!
Found a corrupted altar of Lugonu.
Casting: Swiftness (safe; 8% risk of failure)
Confirm with . or Enter, or press ? or * to list all spells.
Your skin crawls.
You feel much better.
You start to feel a little slower.
Casting: Regeneration (safe; 26% risk of failure)
Confirm with . or Enter, or press ? or * to list all spells.
Okay, then.
Found a gateway leading out of the Abyss.
Your skin is crawling a little less now.
There is a gateway leading out of the Abyss here.
You feel sluggish.
You pass through the gate.
Welcome back to the Dungeon!
The wizard casts a spell at you. The stone arrow hits you!
* * * LOW HITPOINT WARNING * * *
Your body deteriorates!
You feel dopey.
Casting: Regeneration (safe; 26% risk of failure)
Confirm with . or Enter, or press ? or * to list all spells.
Aiming: Summon Lightning Spire (quite dangerous; 26% risk of failure)
Press: ? - help, Dir - move target cursor An electric hum fills the air.
You are feeling very hungry.
The wizard casts a spell at you.
The bolt of lightning hits your lightning spire.
Your lightning spire completely resists.
The bolt of lightning hits you!!!
You die...

.........
##........
####.).......
#.#.....#####
##......## ..
#.....### ..
#..#..# .#
##.....##..#
##....##@8..# #.
.## #........#p.#
#.##.. ##.......#
.# #.....
#.####..## ..
##..... ### #...##
.. ##......
#....#######.......
#...#..............
#######..####......
##..####.....


You could see a wizard and a friendly lightning spire.

Vanquished Creatures
  Gastronok (Orc:1)
  Roxanne (D:14)
  Kirke (D:14)
  An orc warlord (Orc:1)
  An ironheart preserver (D:14)
  Nessos (Lair:6)
  6 dire elephants (Lair:6)
  Azrael (D:14)
  A minotaur (Gauntlet)
  Josephine (D:11)
  The ghost of MordorOrchid the Cleaver, a journeyman DsMo of Cheibriados (D:12)
  Fannar (Orc:1)
  The ghost of Liuz the Cleaver, a journeyman DDFi of Makhleb (Lair:1)
  7 hydras
  2 catoblepae (Lair:6)
  3 centaur warriors
  Erica (D:7)
  An anaconda (Lair:6)
  6 two-headed ogres
  3 tengu warriors
  Urug (D:13)
  The ghost of Tigri the Unseen, a journeyman SpAs of Ashenzari (Lair:2)
  Nergalle (D:11)
  2 unseen horrors
  2 orc knights
  15 ugly things
  2 deep elf magi
  2 manticores
  A cyclops (D:13)
  14 elephants
  3 ice statues (IceCv)
  3 black mambas
  Joseph (D:7)
  A torpor snail (Lair:6)
  3 gargoyles
  6 spiny frogs
  6 rime drakes
  A yaktaur (shapeshifter) (D:15)
  4 komodo dragons
  2 kobold demonologists (D:13)
  A polar bear (shapeshifter) (D:15)
  9 trolls
  3 meliai (D:13)
  A hornet (D:13)
  7 blink frogs
  7 hippogriffs
  4 slime creatures (D:12)
  10 dream sheep
  A meliai zombie (D:12)
  A raiju (Gauntlet)
  3 centaur simulacra
  A vampire (D:13)
  6 shadows
  A tarantella (shapeshifter) (D:14)
  4 wyverns
  2 fire elementals (D:14)
  34 yaks
  3 wraiths (D:11)
  4 vampire mosquitoes (D:12)
  4 basilisks
  3 steam dragons
  2 hogs (D:14)
  A hungry ghost (D:13)
  A redback simulacrum (Gauntlet)
  3 wargs
  3 nagas (Lair:4)
  A swamp worm (Lair:4)
  2 hydra simulacra
  29 water moccasins
  3 hell hounds (D:14)
  A large abomination (Abyss:2)
  8 porcupines
  46 orc warriors
  7 ice beasts
  3 sky beasts
  2 eyes of draining
  A black bear (D:13)
  A necrophage (D:12)
  9 ogres
  A phantom (D:6)
  11 crocodiles
  6 wolves
  14 centaurs
  5 big kobolds
  12 bullfrogs
  Blork the orc (D:6)
  3 gnoll sergeants
  A water moccasin zombie (D:6)
  4 scorpions
  A wyvern skeleton (D:14)
  A hornet simulacrum (Gauntlet)
  10 killer bees
  8 wights
  4 electric eels
  4 howler monkeys
  5 crimson imps
  A bullfrog zombie (D:12)
  4 centaur zombies
  2 bullfrog skeletons
  25 orc priests
  6 hounds
  A gnoll shaman (D:7)
  5 quasits
  6 centaur skeletons
  5 jellies
  2 water moccasin simulacra (Lair:2)
  4 iguanas
  22 orc wizards
  14 worker ants
  2 yak simulacra (Lair:2)
  A killer bee zombie (D:7)
  A hound zombie (D:8)
  2 hound skeletons
  A howler monkey zombie (D:5)
  A worker ant zombie (D:5)
  24 adders
  20 gnolls
  5 shadow imps
  An ooze (D:2)
  2 worms
  A dart slug (D:1)
  6 leopard geckos
  89 orcs
  3 ball pythons (D:2)
  9 bats
  5 giant cockroaches
  7 goblins
  8 hobgoblins
  10 jackals
  A quokka (D:3)
  4 frilled lizards
  A giant cockroach zombie (D:6)
  A jackal zombie (D:7)
  13 kobolds
  A leopard gecko skeleton (D:5)
  2 quokka zombies (D:6)
  11 rats
  A fungus (Lair:6)
  5 plants
770 creatures vanquished.

Vanquished Creatures (collateral kills)
  Rupert (Orc:2)
  A polar bear (Lair:5)
  A hog (D:14)
  An ice beast (IceCv)
  A bullfrog (D:14)
  A butterfly (Lair:5)
6 creatures vanquished.

Vanquished Creatures (others)
  A vampire (D:12)
  An orc warrior (Orc:1)
  An ogre (D:12)
  A scorpion (D:12)
  A hippogriff simulacrum (Lair:2)
  2 orc wizards
  A porcupine simulacrum (Lair:2)
  A fungus (Lair:6)
  7 plants
16 creatures vanquished.

Grand Total: 792 creatures vanquished

Notes
Turn   | Place    | Note
-------+----------+-------------------------------------------
     0 | D:1      | sankara the Hill Orc Fighter began the quest for the Orb.
     0 | D:1      | Reached XP level 1. HP: 19/19 MP: 1/1
    26 | D:1      | Reached skill level 3 in Axes
   118 | D:1      | Reached XP level 2. HP: 17/26 MP: 2/2
   423 | D:1      | Reached skill level 4 in Axes
   523 | D:1      | Reached XP level 3. HP: 29/31 MP: 3/3
  1004 | D:2      | Reached skill level 5 in Axes
  1038 | D:2      | Found a radiant altar of Vehumet.
  1597 | D:3      | Found a runed translucent door.
  1598 | D:3      | Noticed a human
  1599 | D:3      | Found a basalt altar of Yredelemnul.
  1717 | D:3      | Reached XP level 4. HP: 39/39 MP: 4/4
  2185 | D:3      | Reached skill level 6 in Axes
  2550 | D:4      | Reached skill level 4 in Fighting
  2550 | D:4      | Reached XP level 5. HP: 37/46 MP: 5/5
  2681 | D:4      | Got a jewelled leather armour
  2692 | D:4      | Identified the +1 leather armour of the Dice {rElec} (You
                  | found it on level 4 of the Dungeon)
  3011 | D:4      | Identified the Papyrus of Dusty Companions
  3015 | D:4      | Learned a level 1 spell: Summon Butterflies
  3184 | D:4      | Got an encrusted long sword
  3185 | D:4      | Identified the +8 long sword "Igha" {flame, rPois rF+
                  | Int+3} (You found it on level 4 of the Dungeon)
  3286 | D:5      | Entered Level 5 of the Dungeon
  3647 | D:5      | Paralysed by an orc priest for 3 turns
  3656 | D:5      | Reached skill level 7 in Axes
  3656 | D:5      | Reached XP level 6. HP: 51/53 MP: 6/6
  3688 | D:5      | Found a glowing golden altar of the Shining One.
  3712 | D:5      | Found a runed translucent door.
  3800 | D:5      | Found a runed translucent door.
  3805 | D:5      | Noticed Borgoz's ghost (amateur GrMo)
  4024 | D:5      | Reached skill level 1 in Dodging
  4255 | D:6      | Noticed Blork the orc
  4261 | D:6      | Killed Blork the orc
  4305 | D:6      | Reached skill level 4 in Armour
  4305 | D:6      | Reached skill level 4 in Shields
  4305 | D:6      | Reached XP level 7. HP: 60/60 MP: 7/7
  4455 | D:6      | Reached skill level 5 in Fighting
  4455 | D:6      | Reached skill level 8 in Axes
  4765 | D:6      | Learned a level 2 spell: Call Imp
  4839 | D:6      | Reached skill level 2 in Dodging
  4944 | D:6      | HP: 15/61 [orc warrior/+0 mace (5)]
  4946 | D:6      | Reached skill level 1 in Summonings
  4946 | D:6      | Reached XP level 8. HP: 17/68 MP: 8/8
  5235 | D:6      | Reached skill level 9 in Axes
  5340 | D:6      | Reached skill level 5 in Shields
  5439 | D:6      | Reached skill level 5 in Armour
  5805 | D:6      | Reached skill level 2 in Summonings
  6260 | D:6      | Reached skill level 3 in Dodging
  6262 | D:6      | Reached skill level 10 in Axes
  6267 | D:6      | Reached XP level 9. HP: 41/74 MP: 9/9
  6788 | D:7      | Found a glowing golden altar of the Shining One.
  6788 | D:7      | Found a sacrificial altar of Ru.
  6792 | D:7      | Found a glowing silver altar of Zin.
  6792 | D:7      | Found a shattered altar of Ashenzari.
  6867 | D:7      | Found a staircase to the Ecumenical Temple.
  6877 | Temple   | Entered the Ecumenical Temple
  7027 | Temple   | Became a worshipper of Warmaster Okawaru
  7144 | D:7      | Reached skill level 3 in Summonings
  7212 | D:7      | Found a burning altar of Makhleb.
  7372 | D:8      | Noticed Joseph
  7537 | D:7      | Killed Joseph
  7537 | D:7      | Reached * piety under Okawaru
  7740 | D:8      | Noticed a two-headed ogre
  7742 | D:8      | Reached skill level 6 in Shields
  7752 | D:8      | Killed a two-headed ogre
  7752 | D:8      | Reached skill level 11 in Axes
  7752 | D:8      | Reached skill level 6 in Armour
  7764 | D:8      | Reached skill level 4 in Dodging
  7764 | D:8      | Reached skill level 4 in Summonings
  7924 | D:8      | Noticed a two-headed ogre
  7985 | D:8      | HP: 17/74 [two-headed ogre/+0 giant club (7)]
  7987 | D:8      | Killed a two-headed ogre
  7987 | D:8      | Reached ** piety under Okawaru
  7987 | D:8      | Reached skill level 2 in Invocations
  7987 | D:8      | Reached XP level 10. HP: 19/81 MP: 8/11
  8331 | D:8      | Reached skill level 12 in Axes
  8551 | D:8      | Noticed Erica
  8589 | D:7      | Paralysed by something for 5 turns
  8606 | D:7      | Killed Erica
  8606 | D:7      | Reached skill level 7 in Armour
  8606 | D:7      | Reached skill level 7 in Shields
  8606 | D:7      | Reached skill level 3 in Invocations
  9493 | D:8      | Reached *** piety under Okawaru
  9690 | D:9      | Reached skill level 5 in Summonings
  9953 | D:9      | Reached skill level 4 in Invocations
 10091 | D:8      | Learned a level 3 spell: Call Canine Familiar
 10482 | D:9      | Reached skill level 5 in Dodging
 10846 | D:10     | Entered Level 10 of the Dungeon
 10999 | D:10     | Reached skill level 13 in Axes
 11002 | D:10     | Reached XP level 11. HP: 85/86 MP: 12/14
 11024 | D:10     | Reached skill level 5 in Invocations
 11029 | D:10     | Noticed a two-headed ogre
 11560 | D:9      | Reached **** piety under Okawaru
 12191 | D:10     | Found the ring of Robustness {AC+8}
 12505 | D:10     | Killed a two-headed ogre
 12505 | D:10     | Reached skill level 8 in Armour
 12505 | D:10     | Reached skill level 8 in Shields
 12505 | D:10     | Reached skill level 1 in Evocations
 12749 | D:10     | Found a staircase to the Orcish Mines.
 12857 | D:11     | Found a staircase to the Lair.
 13000 | D:11     | Reached ***** piety under Okawaru
 13173 | D:11     | Reached skill level 2 in Evocations
 13231 | D:11     | Noticed a green ugly thing
 13248 | D:11     | Killed a green ugly thing
 13248 | D:11     | Reached skill level 6 in Invocations
 13522 | D:11     | Noticed a two-headed ogre
 13523 | D:11     | Noticed a four-headed hydra
 13539 | D:11     | Killed a two-headed ogre
 13539 | D:11     | Reached skill level 14 in Axes
 13549 | D:11     | Killed a one-headed hydra
 13549 | D:11     | Reached skill level 6 in Fighting
 13597 | D:11     | Noticed a white ugly thing
 13612 | D:11     | Killed a white ugly thing
 13921 | D:11     | Received a gift from Okawaru
 13922 | D:11     | Got an encrusted broad axe {god gift}
 13923 | D:11     | Identified the +4 broad axe of Darkness {flame, MR- Int+8}
                  | (Okawaru gifted it to you on level 11 of the Dungeon)
 14055 | D:11     | Noticed Josephine
 14062 | D:11     | Reached XP level 12. HP: 96/96 MP: 16/16
 14072 | D:11     | Killed Josephine
 14072 | D:11     | Reached skill level 6 in Summonings
 14072 | D:11     | Reached skill level 3 in Evocations
 14199 | D:11     | Got a distressingly furry ring mail
 14210 | D:11     | Identified the +3 ring mail of Polish {+Inv rPois Regen+}
                  | (You found it on level 11 of the Dungeon)
 14213 | D:11     | Learned a level 2 spell: Shroud of Golubria
 14263 | D:11     | Noticed Nergalle
 14282 | D:11     | Killed Nergalle
 14528 | Lair:1   | Entered Level 1 of the Lair of Beasts
 14612 | Lair:1   | Noticed a six-headed hydra
 14616 | Lair:1   | Reached skill level 7 in Invocations
 14624 | Lair:1   | Reached skill level 1 in Charms
 14625 | Lair:1   | Killed a two-headed hydra
 14625 | Lair:1   | Reached skill level 9 in Shields
 14625 | Lair:1   | Reached skill level 1 in Translocations
 14692 | Lair:1   | Noticed a seven-headed hydra
 14692 | Lair:1   | Noticed a five-headed hydra
 14699 | Lair:1   | Killed a three-headed hydra
 14702 | Lair:1   | Killed a one-headed hydra
 14702 | Lair:1   | Reached skill level 9 in Armour
 14726 | Lair:1   | Reached skill level 4 in Evocations
 14918 | Lair:1   | Found a runed translucent door.
 14918 | Lair:1   | Noticed Liuz's ghost (journeyman DDFi)
 14981 | Lair:1   | Killed Liuz's ghost
 14981 | Lair:1   | Received a gift from Okawaru
 14981 | Lair:1   | Reached skill level 7 in Fighting
 14981 | Lair:1   | Reached skill level 15 in Axes
 15092 | Lair:2   | Found a runed translucent gate.
 15092 | Lair:2   | Found a runed translucent gate.
 15092 | Lair:2   | Found a runed translucent gate.
 15328 | Lair:2   | Noticed a four-headed hydra
 15338 | Lair:2   | Killed a one-headed hydra
 15338 | Lair:2   | Reached skill level 2 in Charms
 15577 | Lair:2   | Reached skill level 2 in Translocations
 15777 | Lair:2   | Noticed Tigri's ghost (journeyman SpAs)
 15938 | Lair:2   | Reached XP level 13. HP: 105/105 MP: 11/18
 15941 | Lair:2   | Reached skill level 5 in Evocations
 16225 | Lair:2   | Reached skill level 8 in Invocations
 16388 | Lair:2   | Reached skill level 7 in Summonings
 16424 | Lair:2   | Killed Tigri's ghost
 16530 | Lair:3   | Found a gate leading to a gauntlet.
 16545 | Gauntlet | Entered a Gauntlet
 16545 | Gauntlet | Found a transporter.
 16545 | Gauntlet | Found a transporter.
 16545 | Gauntlet | Found a transporter.
 16555 | Gauntlet | Found a transporter.
 16561 | Gauntlet | Found a transporter.
 16564 | Gauntlet | Found a runed translucent gate.
 16564 | Gauntlet | Found a runed translucent gate.
 16564 | Gauntlet | Found a runed translucent gate.
 16567 | Gauntlet | Found a transporter.
 16570 | Gauntlet | Found a transporter.
 16579 | Gauntlet | Found a transporter.
 16596 | Gauntlet | Found the +0 Maxwell's etheric cage {RegenMP+ *Contam rElec
                  | MP+4}
 16596 | Gauntlet | Found a transporter.
 16613 | Gauntlet | Found a transporter.
 16616 | Gauntlet | Found a transporter.
 16626 | Gauntlet | Found a transporter.
 16895 | Gauntlet | Got a scorched long sword
 17034 | Gauntlet | Noticed a minotaur
 17044 | Gauntlet | Killed a minotaur
 17044 | Gauntlet | Reached skill level 3 in Charms
 17361 | Lair:3   | Reached ****** piety under Okawaru
 17367 | Lair:3   | Reached skill level 3 in Translocations
 17375 | Lair:3   | Received a gift from Okawaru
 17977 | Lair:3   | Learned a level 2 spell: Swiftness
 18000 | Lair:4   | Reached skill level 8 in Fighting
 18073 | Lair:4   | Found a staircase to the Snake Pit.
 18553 | Lair:4   | You fall through a shaft!
 18665 | Lair:5   | Reached skill level 16 in Axes
 18670 | Lair:5   | Reached skill level 1 in Air Magic
 18861 | Lair:4   | Found a staircase to the Swamp.
 19175 | Lair:5   | Reached skill level 9 in Invocations
 19500 | Lair:5   | Found a viscous altar of Jiyva.
 19500 | Lair:5   | Found a staircase to the Slime Pits.
 20135 | Lair:6   | Entered Level 6 of the Lair of Beasts
 20159 | Lair:6   | Reached skill level 10 in Shields
 20287 | Lair:6   | Reached XP level 14. HP: 109/116 MP: 20/20
 20330 | Lair:6   | Reached skill level 10 in Armour
 20522 | Lair:6   | Reached skill level 1 in Spellcasting
 20525 | Lair:6   | Reached skill level 4 in Charms
 20603 | Lair:6   | Reached skill level 2 in Air Magic
 20791 | Lair:6   | Received a gift from Okawaru
 20866 | Lair:6   | Found a shimmering altar of Xom.
 21347 | Lair:6   | Noticed a dire elephant
 21347 | Lair:6   | Noticed a dire elephant
 21364 | Lair:6   | Killed a dire elephant
 21364 | Lair:6   | Reached skill level 8 in Summonings
 21364 | Lair:6   | Reached skill level 4 in Translocations
 21365 | Lair:6   | Killed a dire elephant
 21387 | Lair:6   | Noticed a dire elephant
 21467 | Lair:6   | Killed a dire elephant
 21516 | Lair:6   | Noticed a dire elephant
 21523 | Lair:6   | Noticed a dire elephant
 21540 | Lair:6   | Killed a dire elephant
 21540 | Lair:6   | Reached skill level 2 in Spellcasting
 21559 | Lair:6   | Killed a dire elephant
 21559 | Lair:6   | Reached skill level 9 in Fighting
 21578 | Lair:6   | Received a gift from Okawaru
 21579 | Lair:6   | Got a jewelled battleaxe {god gift}
 21581 | Lair:6   | Noticed Nessos
 21626 | Lair:6   | Killed Nessos
 21730 | Lair:6   | Noticed a dire elephant
 21743 | Lair:6   | Killed a dire elephant
 22139 | D:12     | Learned a level 4 spell: Summon Lightning Spire
 22268 | D:12     | Reached skill level 17 in Axes
 22297 | D:12     | Reached skill level 5 in Charms
 22340 | D:12     | Learned a level 2 spell: Song of Slaying
 22671 | D:12     | Found a runed translucent gate.
 22674 | D:12     | Found a runed translucent gate.
 22674 | D:12     | Found a runed translucent gate.
 22674 | D:12     | Noticed MordorOrchid's ghost (journeyman DsMo)
 23061 | D:12     | Killed MordorOrchid's ghost
 23061 | D:12     | Received a gift from Okawaru
 23134 | D:13     | Noticed Urug
 23142 | D:13     | Killed Urug
 23169 | D:13     | Reached XP level 15. HP: 125/125 MP: 17/21
 23504 | D:13     | Reached skill level 3 in Spellcasting
 23526 | D:13     | Learned a level 3 spell: Regeneration
 23756 | D:13     | Reached skill level 11 in Shields
 24226 | Orc:1    | Entered Level 1 of the Orcish Mines
 24226 | Orc:1    | Found Josol's Armour Shop.
 24226 | Orc:1    | Found Buymanwu's Magic Scroll Emporium.
 24246 | Orc:1    | Bought a scroll of identify for 26 gold pieces
 24246 | Orc:1    | Bought a scroll of identify for 26 gold pieces
 24246 | Orc:1    | Bought a scroll of identify for 26 gold pieces
 24272 | Orc:1    | Found Rysy's Assorted Antiques.
 24300 | Orc:1    | Found Edykhushro's General Store.
 24301 | Orc:1    | Noticed Fannar
 24333 | Orc:1    | Noticed an orc warlord
 24348 | Orc:1    | Killed Fannar
 24523 | Orc:1    | Killed an orc warlord
 24523 | Orc:1    | Reached skill level 10 in Fighting
 24559 | Orc:1    | Bought a potion of curing for 39 gold pieces
 24785 | Orc:2    | Entered Level 2 of the Orcish Mines
 24799 | Orc:1    | Bought a pair of glowing gloves for 255 gold pieces
 24866 | Orc:2    | Found a frozen archway.
 24895 | IceCv    | Entered an ice cave
 24902 | IceCv    | Reached skill level 11 in Armour
 24920 | IceCv    | Got a slimy leather armour
 24945 | IceCv    | Identified the cursed +0 leather armour of Love and Death
                  | {rPois rC- Dex+5} (You found it in an ice cave)
 25047 | IceCv    | Reached skill level 9 in Summonings
 25059 | IceCv    | Got shimmering ice dragon scales
 25080 | IceCv    | Got a pitted fustibalus
 25095 | IceCv    | Identified the +1 ice dragon scales "Tenkiogi" {rF- rC++
                  | Int+3} (You found it in an ice cave)
 25216 | Orc:2    | Noticed Rupert
 25245 | Orc:2    | Killed Rupert
 25463 | Orc:2    | Found a staircase to the Elven Halls.
 25760 | Orc:2    | Reached skill level 18 in Axes
 25788 | Orc:1    | Found a radiant altar of Vehumet.
 25788 | Orc:1    | Noticed Gastronok
 25819 | Orc:1    | Killed Gastronok
 25819 | Orc:1    | Reached skill level 6 in Charms
 26546 | Orc:2    | Found Gogo's Magic Scroll Shop.
 26546 | Orc:2    | Found Arokh's Assorted Antiques.
 26548 | Orc:2    | Found Ifeh Bapluig's Food Emporium.
 26550 | Orc:2    | Found Zeupnim's Antique Armour Boutique.
 26562 | Orc:2    | Bought a translucent scale mail for 234 gold pieces
 26572 | Orc:2    | Identified the cursed +1 scale mail of Rotation {MR+ Dex+4}
                  | (You bought it in a shop on level 2 of the Orcish Mines)
 26585 | Orc:2    | Bought a scroll of identify for 28 gold pieces
 26585 | Orc:2    | Identified the +8 fustibalus "Buexziuvvu" {flame, rN+} (You
                  | found it in an ice cave)
 26587 | Orc:2    | Bought a tubular bone ring for 135 gold pieces
 26594 | Orc:2    | Bought a scroll of identify for 28 gold pieces
 26594 | Orc:2    | Bought a scroll of identify for 28 gold pieces
 26594 | Orc:2    | Bought a scroll of teleportation for 42 gold pieces
 26594 | Orc:2    | Bought a scroll of teleportation for 42 gold pieces
 26594 | Orc:2    | Bought a scroll of fear for 49 gold pieces
 26595 | Orc:2    | Identified a scroll of acquirement
 26596 | Orc:2    | Bought a scroll of vulnerability for 105 gold pieces
 26604 | Orc:2    | Bought a scroll of summoning for 256 gold pieces
 26714 | Orc:1    | Bought 2 scrolls of teleportation for 78 gold pieces
 26714 | Orc:1    | Bought a scroll of magic mapping for 45 gold pieces
 26714 | Orc:1    | Bought a scroll of fear for 45 gold pieces
 26739 | Orc:1    | Bought a scroll of teleportation for 102 gold pieces
 26980 | D:14     | Received a gift from Okawaru
 26980 | D:14     | Reached skill level 1 in Slings
 26981 | D:14     | Got a faintly glowing ring mail {god gift}
 27284 | D:13     | Identified the +4 ring mail "Awyi" {Int+2} (Okawaru gifted
                  | it to you on level 14 of the Dungeon)
 27308 | D:14     | Reached skill level 2 in Slings
 27505 | D:14     | Noticed Azrael
 27539 | D:14     | Killed Azrael
 27756 | D:14     | Found a gate to the Vaults.
 27872 | D:14     | Noticed Roxanne
 27929 | D:14     | Killed Roxanne
 27929 | D:14     | Reached XP level 16. HP: 134/134 MP: 14/22
 27992 | D:14     | Found Tanaas's Weapon Boutique.
 28125 | D:14     | Noticed Kirke
 28136 | D:14     | Reached skill level 12 in Shields
 28143 | D:14     | Killed Kirke
 28243 | D:15     | Entered Level 15 of the Dungeon
 28256 | D:15     | Reached skill level 7 in Charms
 28278 | D:15     | Reached skill level 10 in Summonings
 28283 | D:15     | Reached skill level 3 in Slings
 28296 | D:15     | Reached skill level 12 in Armour
 28776 | D:15     | Cast into level 2 of the Abyss (a wizard)
 28844 | Abyss:2  | Noticed an Executioner
 28853 | Abyss:2  | Paralysed by accursed screaming for 1 turns
 28861 | Abyss:2  | HP: 32/134 [Executioner/nerve-wracking pain (14)]
 28863 | Abyss:2  | Found a corrupted altar of Lugonu.
 28873 | D:15     | Escaped the Abyss
 28873 | D:15     | HP: 30/134 [wizard/stone arrow (14)]
 28874 | D:15     | Killed from afar by a wizard

Skill      XL: |  1  2  3  4  5  6  7  8  9 10 11 12 13 14 15 16 |
---------------+-------------------------------------------------+-----
Axes           | 3 4 5 6 7 8 10 11 13 14 15 16 17 18 | 18.0
Fighting       | 4 5 6 7 8 9 10 | 10.0
Dodging        | 1 2 3 4 5 |  5.0
Armour         | 4 5 6 7 8 9 10 11 12 | 12.0
Shields        | 4 5 6 7 8 9 10 11 12 | 12.2
Summonings     | 1 2 4 5 6 7 8 9 10 | 10.0
Invocations    | 2 4 6 7 9 |  9.0
Evocations     | 2 4 5 |  5.0
Charms         | 2 3 5 6 7 |  7.0
Translocations | 2 3 4 |  4.0
Air Magic      | 1 2 |  2.7
Spellcasting   | 2 3 |  3.0
Slings         | 2 3 |  3.2

Action                   |  1- 3 |  4- 6 |  7- 9 | 10-12 | 13-15 | 16-18 || total
-------------------------+-------+-------+-------+-------+-------+-------++-------
Melee: War axe           |   147 |   192 |   353 |   544 |       |       ||  1236
       Broad axe         |       |       |       |   172 |  1326 |    73 ||  1571
       Long sword        |       |       |       |     9 |       |       ||     9
 Fire: Hunting sling     |       |       |       |     8 |       |       ||     8
       Fustibalus        |       |       |       |       |     4 |       ||     4
Throw: Tomahawk          |       |       |     8 |     6 |       |       ||    14
 Cast: Shroud of Golubri |       |       |       |     2 |    93 |     8 ||   103
       Call Canine Famil |       |       |       |       |    10 |     1 ||    11
       Song of Slaying   |       |       |       |       |    20 |     2 ||    22
       Summon Butterflie |       |       |       |       |     4 |       ||     4
       Call Imp          |       |       |       |       |     3 |       ||     3
       Regeneration      |       |       |       |       |    11 |     2 ||    13
       Summon Lightning  |       |       |       |       |     5 |     2 ||     7
       Swiftness         |       |       |       |       |     1 |     1 ||     2
Invok: Heroism           |       |       |     2 |    10 |    22 |     1 ||    35
       Finesse           |       |       |       |     2 |     4 |       ||     6
 Abil: Evoke Invisibilit |       |       |       |     1 |    12 |       ||    13
       Evoke Berserk Rag |       |       |       |       |     1 |       ||     1
Evoke: Wand              |       |       |       |     2 |    13 |       ||    15
       Lamp of fire      |       |       |       |       |     1 |       ||     1
  Use: Scroll            |       |       |    10 |    11 |    19 |     1 ||    41
       Potion            |       |       |     1 |     3 |       |     1 ||     5
 Stab: Invisible         |       |       |       |     4 |    48 |       ||    52
       Distracted        |       |       |       |       |    10 |       ||    10
  Eat: Chunk             |     3 |     8 |    12 |    23 |    44 |     2 ||    92
       Ration            |       |       |       |     1 |     3 |     1 ||     5
Armor: Scale mail        |    79 |    33 |       |       |       |       ||   112
       Plate armour      |       |    36 |   164 |   270 |       |       ||   470
       Leather armour    |       |     4 |       |       |       |       ||     4
       Steam dragon scal |       |       |       |     1 |       |       ||     1
       Ring mail         |       |       |       |    43 |   277 |       ||   320
       Chain mail        |       |       |       |       |    50 |    51 ||   101
Dodge: Dodged            |    58 |    67 |   108 |   369 |   497 |    47 ||  1146
Block: Shield            |    78 |   101 |    98 |   151 |   770 |    64 ||  1262
       Buckler           |       |       |    40 |   132 |       |       ||   172
       Rpst.: Long sword |       |       |       |     1 |       |       ||     1

Levels and vault maps discovered:
D:1:      saegor_arrival_simple_b, layout_loops_ring
D:2:      layout_loops_cross, fiery_altar_vehumet, minmay_tall_x
D:3:      layout_loops_ring, first_ration, dk_yredelemnul_ordeal
D:4:      layout_basic
D:5:      layout_basic, basic_altar, ebering_ghost_sewer_f
D:6:      minmay_chambers_of_threes, layout_loops_corners, uniq_blork_the_orc
D:7:      layout_cave_pools, bloody_makhleb, grunt_temple_overflow_open,
          temple_pool_b
D:8:      layout_cave_pools, serial_gnoll_camp, gnoll_camp_mini_house,
          gnoll_camp_mini_sergeant, gnoll_camp_mini_doghouse,
          gnoll_camp_mini_doghouse, gnoll_camp_mini_house, blue_anna_alchemist
          [blue_anna_fruit_fields, blue_anna_fruit_fields], item_on_display_a,
          uniq_joseph, uniq_erica
D:9:      layout_irregular_city, grunt_ministairs_14
D:10:     layout_gridville, david_orc_4, minivault_24, kennysheep_boxes
D:11:     layout_loops_ring, minmay_lair_entry_grove, nrook_campfire,
          uniq_josephine, uniq_nergalle
D:12:     layout_loops_ring, gammafunk_ghost_split,
          eino_small_chamber_without_monster
D:13:     layout_roguey, minivault_24, uniq_urug
D:14:     layout_small_grid, skrybe_vaults_entry_preservation, serial_shops,
          shop, evilmike_surprise_oklob, uniq_kirke, uniq_roxanne, uniq_azrael
D:15:     grunt_enter_depths_magical_seal, layout_cave_pools,
          nicolae_trove_entry_diagonal, minivault_27,
          wad_floor_pattern_untrapped
Temple:   nicolae_temple_elliptical
Lair:1:   layout_hall_layers, ebering_ghost_inner_flame, ldierk_geyser
Lair:2:   lemuel_reptile_caves, layout_regular_city, gammafunk_ghost_icy,
          lemuel_fruit_tree, infiniplex_staircase_pool_2
Lair:3:   layout_regular_city, gauntlet_entry_generic
Lair:4:   layout_cave_pods, nicolae_swamp_entry_splash_gauntlet,
          minmay_snake_entry_guardpost_small, infiniplex_staircase_pool,
          lemuel_fruit_fields, serial_bayou_shore_b
Lair:5:   layout_cave_pods, slime_altar_1, lemuel_fruit_fields,
          grunt_megastairs_4
Lair:6:   due_jungle_book, layout_cave_pods, lemuel_centaur_altar,
          lemuel_fruit_fields, uniq_nessos
Orc:1:    layout_caves, basic_altar, serial_shops, nicolae_shop_waterfront,
          shop, shop_statue, nicolae_shop_overgrown_old_shop, uniq_fannar,
          uniq_gastronok
Orc:2:    st_orc_rangers, layout_diamond_mine, portal_ice_cave_entry_pillars_2,
          uniq_rupert
Abyss:2
IceCv:    ice_cave_statue_garden_chambered
Gauntlet: minmay_gauntlet_mixed_big_or_small [nicolae_gauntlet_arena_t_cross,
          minmay_gauntlet_arena_77_p_blocks, gammafunk_gauntlet_arena_teeth,
          minmay_gauntlet_arena_77_run_for_it, nicolae_gauntlet_arena_quarters,
          minmay_gauntlet_arena_77_checkered, gauntlet_exit_watery]

Table legend:
 A = Turns spent in this place as a percentage of turns spent in the entire game.
 B = Non-inter-level travel turns spent in this place as a percentage of non-inter-level travel turns spent in the entire game.
 C = Inter-level travel turns spent in this place as a percentage of turns spent in this place.
 D = Turns resting spent in this place as a percentage of non-inter-level travel turns spent in this place.
 E = Turns spent auto-exploring this place as a percentage of non-inter-level travel turns spent in this place.
 F = Non-inter-level travel turns spent in this place divided by the number of levels of this place that you've seen.
                   A       B       C       D       E      F
               +-------+-------+-------+-------+-------+----------------------
         Total | 100.0 | 100.0 |   6.5 |  24.8 |  45.6 | 999.4
       Dungeon |  64.8 |  65.4 |   5.7 |  34.3 |  40.7 | 1176.9
        Temple |   0.6 |   0.5 |  13.5 |   0.0 |  98.0 | 148.0
          Lair |  24.2 |  23.6 |   9.2 |   8.4 |  64.3 | 1059.7
  Orcish Mines |   7.3 |   7.2 |   7.7 |   1.6 |  38.4 | 977.0
         Abyss |   0.3 |   0.4 |   0.0 |   0.0 |   0.0 |  97.0
      Ice Cave |   0.9 |   0.9 |   0.0 |   5.5 |   2.0 | 255.0
      Gauntlet |   1.8 |   1.9 |   0.0 |  11.4 |  24.3 | 518.0
               +-------+-------+-------+-------+-------+----------------------

Table legend:
 A = Kills in this place as a percentage of kills in entire the game.
 B = Kills by you in this place as a percentage of kills by you in the entire game.
 C = Kills by friends in this place as a percentage of kills by friends in the entire game.
 D = Other kills in this place as a percentage of other kills in the entire game.
 E = Experience gained in this place as a percentage of experience gained in the entire game.
 F = Experience gained in this place divided by the number of levels of this place that you have seen.
                   A       B       C       D       E      F
               +-------+-------+-------+-------+-------+----------------------
         Total | 100.0 | 100.0 | 100.0 | 100.0 | 100.0 | 5188.2
       Dungeon |  61.0 |  61.3 |  40.0 |  33.3 |  48.5 | 4528.6
          Lair |  22.4 |  22.4 |  20.0 |  33.3 |  36.0 | 8408.5
  Orcish Mines |  13.7 |  13.6 |  20.0 |  33.3 |  11.2 | 7814.0
         Abyss |   0.1 |   0.1 |   0.0 |   0.0 |   0.1 | 142.0
      Ice Cave |   1.4 |   1.3 |  20.0 |   0.0 |   2.2 | 3084.0
      Gauntlet |   1.3 |   1.3 |   0.0 |   0.0 |   2.0 | 2848.0
               +-------+-------+-------+-------+-------+----------------------
